 Dungeon Crawl Stone Soup version 0.19.0-2-gae57169 (webtiles) character file.

1340 dvd the Tainter (level 8, -1/48 HPs)
             Began as an Octopode Venom Mage on Nov 4, 2016.
             Slain by an ice beast (7 damage)
             ... on level 5 of the Dungeon.
             The game lasted 00:17:33 (6251 turns).

dvd the Tainter (Octopode Venom Mage)               Turns: 6251, Time: 00:17:34

Health: -1/48      AC:  2    Str:  7    XL:     8   Next: 62%
Magic:  25/25      EV: 14    Int: 19    God:
Gold:   241        SH:  0    Dex: 13    Spells: 3 memorised, 8 levels left

rFire  . . .     SeeInvis .     j - +2 short sword (venom)
rCold  . . .     Gourm    .     (no shield)
rNeg   . . .     Faith    .     k - +1 hat
rPois  .         Spirit   .     (no amulet)
rElec  .         Reflect  .     t - ring of magical power
rCorr  .         Harm     .     (no ring)
MR     .....                    (no ring)
Stlth  ++++......               (no ring)
                                (no ring)
                                (no ring)
                                (no ring)
                                (no ring)

@: no status effects
A: almost no armour, stealthy swim, amphibious, 8 rings, constrict 8, camouflage
1, gelatinous body 1
a: no special abilities


You were on level 5 of the Dungeon.
You were not hungry.

You visited 1 branch of the dungeon, and saw 5 of its levels.

You collected 241 gold pieces.

Inventory:

Hand Weapons
 d - a -1 eveningstar
 i - a -3 long sword
 j - a +2 short sword of venom (weapon)
Armour
 k - a +1 hat (worn)
Jewellery
 t - a ring of magical power (left tentacle)
Scrolls
 e - 3 scrolls of identify
 g - 5 scrolls of remove curse
 m - a scroll of teleportation
 n - 3 scrolls of magic mapping {unknown}
 s - 2 scrolls of recharging
Potions
 c - a potion of haste {unknown}
 f - a potion of magic
 l - a potion of lignification {unknown}
 p - 4 potions of curing {unknown}
 q - a potion of degeneration {unknown}
 r - a potion of agility {unknown}
 v - a potion of brilliance {unknown}
 x - a potion of cancellation {unknown}
Books
 a - a Young Poisoner's Handbook

   Spells                             Type                      Level
   a - Sting                          Conjuration/Poison           1
   b - Mephitic Cloud                 Conjuration/Poison/Air       3
   c - Olgreb's Toxic Radiance        Poison                       4
   d - Alistair's Intoxication        Transmutation/Poison         5
   e - Venom Bolt                     Conjuration/Poison           5
 w - a book of Cantrips

   Spells                             Type                      Level
   a - Confusing Touch                Hexes                        1
   b - Animate Skeleton               Necromancy                   1
   c - Summon Small Mammal            Summoning                    1
   d - Apportation                    Translocation                1
Comestibles
 b - 3 bread rations
 h - 8 fruits
 o - 3 chunks of flesh
 u - 3 meat rations


   Skills:
 + Level 1.6 Fighting
 + Level 2.8 Short Blades
 + Level 2.4 Dodging
 + Level 4.7 Stealth
 + Level 5.7 Spellcasting
 + Level 2.9 Conjurations
 + Level 8.6 Poison Magic


You had 8 spell levels left.
You knew the following spells:

 Your Spells              Type           Power        Failure   Level  Hunger
a - Sting                 Conj/Pois      ####         1%          1    None
b - Olgreb's Toxic Radia  Pois           #####...     3%          4    ####...
c - Venom Bolt            Conj/Pois      ####......   34%         5    #####..


Dungeon Overview and Level Annotations

Branches:
Dungeon (5/15)
 Temple: D:4-7

Altars:
Makhleb
Nemelex Xobeh


Innate Abilities, Weirdness & Mutations

You cannot wear most types of armour.
You are very stealthy in the water. (Stealth+)
You are amphibious.
You can wear up to eight rings at the same time.
You can use your tentacles to constrict eight enemies at once.
Your skin changes colour to match your surroundings (Stealth+).
Your rubbery body absorbs attacks. (AC +1, EV +1)


Message History

The ice beast hits you. The ice beast freezes you!
You hit the ice beast.
The ice beast is heavily wounded.
The ice beast hits you. The ice beast freezes you!
* * * LOW HITPOINT WARNING * * *
Unknown command.
The ice beast looks more healthy.
You hit the ice beast.
The ice beast is almost dead.
The ice beast hits you.
* * * LOW HITPOINT WARNING * * *
The ice beast freezes you!
* * * LOW HITPOINT WARNING * * *
There is a stone staircase leading up here.
You barely miss the ice beast. Your squeeze misses the ice beast.
The ice beast is almost dead.
The ice beast hits you.
* * * LOW HITPOINT WARNING * * *
The ice beast freezes you!
You die...

...# #.....###
#.......###
...####.......#
...'.)..#####.#######
...####.# #.#.....#
#### #.#####[#.###.#
#.#.....#.#...#
#.#?#####.#...#
#.#.##....##..#
#.#.##.#.Y@...#
######
#[#.##.#.##...#
#.....
#######.#.##.#.##<..#
#.####
........#....#......#
#.#
################..###
#.# # ...... #.# #
######## #.# # #.# #
#.#


You could see an ice beast.

Vanquished Creatures
  3 ogres
  7 scorpions (D:4)
  A howler monkey (D:4)
  A bullfrog zombie (D:5)
  A hound (D:4)
  2 orc priests
  A centaur skeleton (D:4)
  Natasha (thrice) (D:3 D:4)
  5 orc wizards
  3 worker ants
  7 gnolls
  6 adders
  A shadow imp (D:5)
  5 worms
  4 dart slugs
  2 leopard geckos
  21 orcs
  A ball python (D:4)
  3 giant cockroaches
  5 goblins
  7 hobgoblins
  2 jackals (D:2)
  4 quokkas
  7 bats
  7 frilled lizards
  6 kobolds
  A quokka skeleton (D:4)
  9 rats
  3 fungi (D:4)
128 creatures vanquished.

Notes
Turn   | Place    | Note
-------+----------+-------------------------------------------
     0 | D:1      | dvd the Octopode Venom Mage began the quest for the Orb.
     0 | D:1      | Reached XP level 1. HP: 11/11 MP: 3/3
   590 | D:1      | Reached skill level 5 in Poison Magic
   669 | D:1      | You fall through a shaft!
   698 | D:2      | Reached XP level 2. HP: 17/17 MP: 5/5
  1188 | D:1      | Reached XP level 3. HP: 21/21 MP: 3/6
  1974 | D:2      | Reached skill level 1 in Conjurations
  1974 | D:2      | Reached XP level 4. HP: 27/27 MP: 3/7
  1980 | D:2      | Learned a level 4 spell: Olgreb's Toxic Radiance
  2401 | D:3      | Reached XP level 5. HP: 31/31 MP: 8/8
  2402 | D:3      | Noticed Natasha
  2406 | D:3      | Killed Natasha
  2406 | D:3      | Reached skill level 1 in Short Blades
  2406 | D:3      | Reached skill level 6 in Poison Magic
  2814 | D:3      | Noticed Natasha
  2822 | D:3      | Killed Natasha
  3269 | D:4      | Noticed Natasha
  3273 | D:4      | Killed Natasha
  3273 | D:4      | Reached XP level 6. HP: 37/37 MP: 5/10
  3703 | D:4      | Reached skill level 1 in Fighting
  3955 | D:4      | Reached XP level 7. HP: 43/43 MP: 1/12
  4267 | D:4      | Reached skill level 7 in Poison Magic
  4724 | D:4      | Found a sparkling altar of Nemelex Xobeh.
  4724 | D:4      | Found a burning altar of Makhleb.
  5283 | D:4      | Reached XP level 8. HP: 48/48 MP: 15/15
  5294 | D:4      | Reached skill level 5 in Spellcasting
  5566 | D:4      | Learned a level 5 spell: Venom Bolt
  5567 | D:5      | Entered Level 5 of the Dungeon
  5576 | D:5      | Reached skill level 8 in Poison Magic
  6251 | D:5      | Slain by an ice beast

Skill      XL: |  1  2  3  4  5  6  7  8 |
---------------+-------------------------+-----
Poison Magic   | 5 6 7 8 |  8.6
Stealth        | 3 4 |  4.7
Conjurations   | 1 2 |  2.9
Short Blades   | 1 2 |  2.8
Spellcasting   | 3 4 5 |  5.7
Fighting       | 1 |  1.6
Dodging        | |  2.4

Action                   |  1- 3 |  4- 6 |  7- 9 || total
-------------------------+-------+-------+-------++-------
Melee: Short sword       |    29 |    50 |    74 ||   153
       Constrict         |     8 |    11 |    16 ||    35
       Unarmed           |     2 |       |       ||     2
       Tentacles         |     7 |     7 |    13 ||    27
 Cast: Sting             |    34 |    46 |    24 ||   104
       Olgreb's Toxic Ra |       |     9 |    29 ||    38
  Use: Scroll            |       |       |     8 ||     8
 Stab: Sleeping          |     5 |     4 |     4 ||    13
  Eat: Chunk             |     4 |     8 |    12 ||    24
Armor: Skin              |     2 |     2 |     3 ||     7
Dodge: Dodged            |    30 |    27 |    19 ||    76
